 Dungeon Crawl Stone Soup version 0.31-a0-1447-g87ca8d402b (webtiles) character file.

Game seed: 13405487936054723975

107 BigPumpCobain the Chopper (level 4, 0/41 HPs)
             Began as a Hill Orc Monk on Dec 27, 2023.
             Slain by Ijyb
             ... wielding a +0 dagger of freezing
              (2 damage)
             ... on level 3 of the Dungeon.
             The game lasted 00:03:10 (1864 turns).

BigPumpCobain the Chopper (Hill Orc Monk)           Turns: 1864, Time: 00:03:10

Health: 0/41       AC:  6    Str: 15    XL:     4   Next: 85%
Magic:  4/4        EV: 10    Int: 10    God:
Gold:   86         SH:  0    Dex: 13    Spells: 3/3 levels left

rFire   + . .        a - +0 hand axe (flame)
rCold   + . .        d - orb {light}
rNeg    . . .        g - +0 scale mail
rPois   .            (no helmet)
rElec   .            m - scarf {rC+ rF+}
rCorr   .            (no gloves)
SInv    .            (no boots)
Will    .....        h - amulet of the acrobat Stlth
                     (no ring)
HPRegen 0.26/turn    (no ring)
MPRegen 0.09/turn

%: acrobat
@: glowing
A: no striking features
a: no special abilities


You were on level 3 of the Dungeon.
You visited 1 branch of the dungeon, and saw 3 of its levels.

You collected 86 gold pieces.

Inventory:

Hand Weapons
 a - a +0 hand axe of flaming (weapon)
Armour
 d - an orb of light (worn)
 g - a +0 scale mail (worn)
 m - a scarf of resistance (worn)
Jewellery
 h - an amulet of the acrobat (around neck)
 j - a ring of wizardry
 l - a ring of magical power
Wands
 o - a wand of roots (10)
Scrolls
 b - a scroll of noise
 i - a scroll of silence {unknown}
 n - a scroll of teleportation {unknown}
Potions
 c - a potion of ambrosia
 e - 2 potions of mutation {unknown}
 f - a potion of might {unknown}
 k - a potion of heal wounds {unknown}


   Skills:
 + Level 4.5 Fighting
 * Level 5.8 Axes
 + Level 2.1 Armour
 - Level 2.4 Dodging


You had 3 spell levels left.
You didn't know any spells.
Your spell library contained the following spells:

 Spells                   Type           Power      Damage    Failure   Level
 Tukima's Dance           Hex            0%         N/A       99%         3
 Passage of Golubria      Tloc           0%         N/A       100%        4
 Yara's Violent Unravell  Hex/Alch       0%         3d3       100%        5


Dungeon Overview and Level Annotations

Branches:
Dungeon (3/15)

Altars:

Annotations:
D:3 Ijyb


Message History

You bump into the rock wall.
Ijyb hits you but does no damage.
The orc hits you from afar with a +0 trident.
You bump into the rock wall.
The orc hits you from afar with a +0 trident.
Ijyb zaps a wand.
You resist with some effort.
You bump into the rock wall.
Ijyb hits you with a +0 dagger of freezing.
Ijyb freezes you.
The orc hits you from afar with a +0 trident.
You bump into the rock wall.
Ijyb zaps a wand.
You resist with some effort. The orc barely misses you.
You bump into the rock wall.
You feel less confused.
The orc hits you from afar with a +0 trident.
Ijyb hits you but does no damage.
You barely miss Ijyb.
Ijyb is heavily wounded.
Ijyb hits you but does no damage.
The orc hits you from afar with a +0 trident.
You hit Ijyb. You burn Ijyb.
Ijyb is heavily wounded.
The orc hits you from afar with a +0 trident!
* * * LOW HITPOINT WARNING * * *
Ijyb zaps a wand.
You resist with some effort.
You barely miss Ijyb.
Ijyb is heavily wounded.
Ijyb hits you with a +0 dagger of freezing.
* * * LOW HITPOINT WARNING * * *
The orc hits you from afar with a +0 trident.
* * * LOW HITPOINT WARNING * * *
You hit Ijyb. You burn Ijyb.
Ijyb is severely wounded.
Ijyb hits you but does no damage.
The orc hits you from afar with a +0 trident.
* * * LOW HITPOINT WARNING * * *
You hit Ijyb but do no damage.
Ijyb is severely wounded.
The orc hits you but does no damage.
Ijyb hits you with a +0 dagger of freezing.
You die...

## # ...##.
#...$### #..og@##
#...###).# . ##)##
. #).## .# ##..##
#.# #...####..# .
#..(.....####.
##.#.....#...
#####.........##...


You could see Ijyb and an orc.

Vanquished Creatures
  An orc wizard (D:2)
  An adder (D:2)
  2 worms (D:2)
  2 dart slugs
  6 orcs
  5 ball pythons
  5 bats
  3 endoplasms (D:2)
  2 giant cockroaches (D:1)
  4 goblins
  3 hobgoblins
  2 jackals (D:2)
  6 kobolds
  2 quokkas
  6 frilled lizards
  3 rats (D:1)
53 creatures vanquished.

Notes
Turn   | Place    | Note
-------+----------+-------------------------------------------
     0 | D:1      | BigPumpCobain the Hill Orc Monk began the quest for the
                  | Orb.
     0 | D:1      | Reached XP level 1. HP: 19/19 MP: 1/1
    88 | D:1      | Reached XP level 2. HP: 27/27 MP: 2/2
   288 | D:1      | Reached skill level 1 in Armour
   537 | D:1      | Reached XP level 3. HP: 33/33 MP: 3/3
   947 | D:2      | Found a faded altar of an unknown god.
  1019 | D:2      | Reached skill level 5 in Axes
  1026 | D:2      | Reached XP level 4. HP: 25/40 MP: 4/4
  1845 | D:3      | Noticed Ijyb
  1863 | D:3      | HP: 1/41 [orc/+0 trident (2)]
  1864 | D:3      | Slain by Ijyb

Illustrated notes

Levels and vault maps discovered:
D:1:      elethiomel_arrival_infinity_welcomes_careful_drivers, layout_basic,
          minmay_stone_trees_small
D:2:      layout_basic, hellmonk_ecumenical_altar_dog_temple
D:3:      layout_rooms, serial_shops, shop, uniq_ijyb

Skill      XL: |  1  2  3  4 |
---------------+-------------+-----
Armour         | 1 2 |  2.1
Fighting       | 4 |  4.5
Axes           | 5 |  5.8
Dodging        | |  2.4

Action                     |  1- 3 |  4- 6 || total
---------------------------+-------+-------++-------
  Melee: Hand axe          |    81 |    70 ||   151
    Use: Scroll            |     1 |     2 ||     3
 Armour: Robe              |    22 |       ||    22
         Scale mail        |    25 |    48 ||    73
  Dodge: Dodged            |    55 |    43 ||    98

Table legend: (Time is in decaauts)
 A = Elapsed time spent in this place.
 B = Non-inter-level travel time spent in this place.
 C = Inter-level travel time spent in this place.
 D = Time resting spent in this place.
 E = Time spent auto-exploring this place.
 F = Levels seen in this place.
 G = Mean time per level.
                   A        B        C        D        E       F      G
               +--------+--------+--------+--------+--------+-----+--------+
         Total |   1872 |   1822 |     50 |      0 |   1443 |   3 |  624.0 |
       Dungeon |   1872 |   1822 |     50 |      0 |   1443 |   3 |  624.0 |
               +--------+--------+--------+--------+--------+-----+--------+

Top non-repeatable levels by time:
     D:1: 877 daAuts
     D:2: 863 daAuts
     D:3: 131 daAuts
